TOP OF THE 1ST |
University of Oklahoma Sooners batting - Pitching for Mississippi State University Bulldogs : LHP Jorge Ortiz
|
Pitching: LHP Jorge Ortiz
|
|
Batting: SHB Sergio Carranza
|
0-0: Ball 1-0: Called Strike 1-1: Foul Ball, location: 2F 1-2: Reached on error, E5 (Groundball, 56S, EV 74.4 MPH)
|
Batting: SHB Jim Unknown
|
0-0: Called Strike 0-1: Foul Ball, location: 2F 0-2: Ball 1-2: Foul Ball, location: 2F 1-2: Ball 2-2: Ball 3-2: Base on Balls
|
Batting: LHB Alex Gutierrez
|
0-0: Called Strike 0-1: Foul Ball, location: 2F 0-2: Grounds into double play, 4-6-3 (Groundball, 4D, EV 105.6 MPH) Sergio Carranza to third
|
Batting: LHB Jeremy Rideout
|
0-0: Called Strike 0-1: SINGLE (Groundball, 34D, EV 99.4 MPH) Sergio Carranza scores
|
Batting: RHB Ruben Arreola
|
0-0: Ball 1-0: Ball 2-0: Foul Ball, location: 2F 2-1: Fly out, F9 (Flyball, 89M, EV 81.9 MPH)
|
Top of the 1st over - 1 run, 1 hit, 1 error, 1 left on base; University of Oklahoma 1 - Mississippi State University 0 |
BOTTOM OF THE 1ST |
Mississippi State University Bulldogs batting - Pitching for University of Oklahoma Sooners : RHP Ron Didkowsky
|
Pitching: RHP Ron Didkowsky
|
|
Batting: RHB Hector Esqueda
|
0-0: Swinging Strike 0-1: Foul Ball, location: 2F 0-2: SINGLE (Groundball, 4M, EV 83.1 MPH) (infield hit)
|
Batting: RHB Justin Boesenberg
|
0-0: Called Strike 0-1: SINGLE (Groundball, 34D, EV 101.9 MPH) Hector Esqueda to second Runner from 2nd tries for 3rd, SAFE, throw by RF made to third
|
Batting: RHB Gilbert Hoareau
|
0-0: SINGLE (Groundball, 56S, EV 68.8 MPH) (infield hit) Hector Esqueda scores Justin Boesenberg to second
|
Batting: RHB Alexis Gallegos
|
0-0: Ball 1-0: DOUBLE (Flyball, 89D, EV 91.9 MPH) Justin Boesenberg scores Gilbert Hoareau to third
|
Batting: RHB Miguel Huezo
|
0-0: Foul Ball, location: 2F 0-1: Foul Ball, location: 2F 0-2: Strikes out swinging
|
Batting: RHB Benjamin Alderdice
|
0-0: Foul Ball, location: 2F 0-1: Hit by Pitch
|
Batting: LHB Matt Tanner
|
0-0: Called Strike 0-1: Foul Ball, location: 2F 0-2: Strikes out swinging
|
Batting: RHB Chris Everett
|
0-0: Ball 1-0: Foul Ball, location: 2F 1-1: Ball 2-1: Reached on error, E6 (Groundball, 56, EV 80.6 MPH) Gilbert Hoareau scores Alexis Gallegos to third Benjamin Alderdice to second
|
Batting: RHB Jim Unknown
|
0-0: Called Strike 0-1: Fielders Choice at 2nd, 6-4 (Groundball, 6, EV 108.1 MPH)
|
Bottom of the 1st over - 3 runs, 4 hits, 1 error, 3 left on base; University of Oklahoma 1 - Mississippi State University 3 |
TOP OF THE 2ND |
University of Oklahoma Sooners batting - Pitching for Mississippi State University Bulldogs : LHP Jorge Ortiz
|
Batting: RHB Han Caspers
|
0-0: Swinging Strike 0-1: Foul Ball, location: 2F 0-2: Ground out 6-3 (Groundball, 6, EV 78.1 MPH)
|
Batting: RHB Leo Lopez
|
0-0: Fly out, F8 (Flyball, 8LM, EV 93.8 MPH)
|
Batting: RHB Victor Borras
|
0-0: Reached on error, E4 (Groundball, 4, EV 85.6 MPH)
|
Batting: LHB Victor Estrada
|
0-0: Ball 1-0: SINGLE (Groundball, 4MD, EV 101.2 MPH) Victor Borras to second
|
Batting: SHB Sergio Carranza
|
0-0: Ball 1-0: Foul Ball, location: 2F 1-1: Called Strike 1-2: Ball 2-2: Foul Ball, location: 2F 2-2: Ball 3-2: Base on Balls Victor Borras to third Victor Estrada to second
|
Batting: SHB Jim Unknown
|
0-0: Called Strike 0-1: Ball 1-1: Ball 2-1: Ball 3-1: Base on Balls Victor Borras scores Victor Estrada to third Sergio Carranza to second
|
Batting: LHB Alex Gutierrez
|
0-0: Ball 1-0: Ball 2-0: Ball 3-0: Base on Balls Victor Estrada scores Sergio Carranza to third Jim Unknown to second
|
Batting: LHB Jeremy Rideout
|
0-0: Ball 1-0: Called Strike 1-1: Swinging Strike 1-2: Ball 2-2: Fly out, F7 (Flyball, 78D, EV 86.2 MPH)
|
Top of the 2nd over - 2 runs, 1 hit, 1 error, 3 left on base; University of Oklahoma 3 - Mississippi State University 3 |
BOTTOM OF THE 2ND |
Mississippi State University Bulldogs batting - Pitching for University of Oklahoma Sooners : RHP Ron Didkowsky
|
Batting: RHB Hector Esqueda
|
0-0: Ball 1-0: Ball 2-0: Foul Ball, location: 2F 2-1: Foul Ball, location: 2F 2-2: SINGLE (Groundball, 34D, EV 110.0 MPH) (infield hit)
|
Batting: RHB Justin Boesenberg
|
0-0: Ball 1-0: Called Strike 1-1: Fielders Choice at 2nd, 6-4 (Groundball, 6, EV 99.4 MPH)
|
Batting: RHB Gilbert Hoareau
|
0-0: Called Strike 0-1: Foul Ball, location: 2F 0-2: Ball 1-2: SINGLE (Groundball, 34, EV 84.4 MPH) (infield hit) Justin Boesenberg to second
|
Batting: RHB Alexis Gallegos
|
0-0: Called Strike 0-1: Ball 1-1: Ball 2-1: Called Strike 2-2: Foul Ball, location: 2F 2-2: Ball 3-2: Base on Balls Justin Boesenberg to third Gilbert Hoareau to second
|
Batting: RHB Miguel Huezo
|
0-0: DOUBLE (Groundball, 5L, EV 100.6 MPH) Justin Boesenberg scores Gilbert Hoareau scores Alexis Gallegos to third Runner from 3rd tries for Home, SAFE, throw by LF to trailing runner, SAFE at third!
|
Pitching: LHP Brandon Lahoda
|
|
Batting: RHB Benjamin Alderdice
|
0-0: Ball 1-0: Fly out, F7 (Flyball, 7D, EV 107.5 MPH) Runner from 3rd tags up, SCORES, no throw by LF
|
Batting: LHB Matt Tanner
|
0-0: Ball 1-0: Called Strike 1-1: Ball 2-1: Foul Ball, location: 2F 2-2: Ball 3-2: Foul Ball, location: 2F 3-2: Ground out 4-3 (Groundball, 4, EV 82.5 MPH)
|
Bottom of the 2nd over - 4 runs, 3 hits, 0 errors, 0 left on base; University of Oklahoma 3 - Mississippi State University 7 |
TOP OF THE 3RD |
University of Oklahoma Sooners batting - Pitching for Mississippi State University Bulldogs : LHP Jorge Ortiz
|
Batting: RHB Ruben Arreola
|
0-0: Ball 1-0: Ground out 3-1 (Groundball, 13, EV 82.5 MPH)
|
Batting: RHB Han Caspers
|
0-0: Called Strike 0-1: Ball 1-1: SOLO HOME RUN (Flyball, 7D, EV 94.4 MPH), Distance : 375 ft
|
Batting: RHB Leo Lopez
|
0-0: Called Strike 0-1: Ball 1-1: Ball 2-1: Ball 3-1: Base on Balls
|
Batting: RHB Victor Borras
|
0-0: Called Strike 0-1: Ball 1-1: Called Strike 1-2: Fielders Choice at 2nd, 6-4 (Groundball, 56, EV 93.8 MPH)
|
Pitching: RHP Ricky Mendoza
|
|
Batting: LHB Victor Estrada
|
0-0: Ground out 6-3 (Groundball, 6MS, EV 77.5 MPH)
|
Top of the 3rd over - 1 run, 1 hit, 0 errors, 1 left on base; University of Oklahoma 4 - Mississippi State University 7 |
BOTTOM OF THE 3RD |
Mississippi State University Bulldogs batting - Pitching for University of Oklahoma Sooners : LHP Brandon Lahoda
|
Batting: RHB Chris Everett
|
0-0: Ball 1-0: SINGLE (Groundball, 5D, EV 110.0 MPH)
|
Batting: RHB Jim Unknown
|
0-0: Called Strike 0-1: Swinging Strike 0-2: Ball 1-2: Foul Ball, location: 2F 1-2: Ball 2-2: Ball 3-2: Strikes out swinging
|
Batting: RHB Hector Esqueda
|
0-0: Ball 1-0: SINGLE (Groundball, 25, EV 57.5 MPH) (infield hit) Chris Everett to second
|
Batting: RHB Justin Boesenberg
|
0-0: Ball 1-0: Ball 2-0: Ball 3-0: Called Strike 3-1: Base on Balls Chris Everett to third Hector Esqueda to second
|
Batting: RHB Gilbert Hoareau
|
0-0: Ball 1-0: Swinging Strike 1-1: Swinging Strike 1-2: Grounds into fielders choice 1-2 (Groundball, 13, EV 66.2 MPH) Hector Esqueda to third Justin Boesenberg to second
|
Batting: RHB Alexis Gallegos
|
0-0: Ball 1-0: Swinging Strike 1-1: Swinging Strike 1-2: Ball 2-2: Foul Ball, location: 2F 2-2: Ball Wild Pitch! Hector Esqueda scores Justin Boesenberg to third Gilbert Hoareau to second 3-2: Base on Balls
|
Batting: RHB Miguel Huezo
|
0-0: Ball 1-0: Ball 2-0: Called Strike 2-1: Foul Ball, location: 2F 2-2: Ball 3-2: Foul Ball, location: 2F 3-2: Strikes out swinging
|
Bottom of the 3rd over - 1 run, 2 hits, 0 errors, 3 left on base; University of Oklahoma 4 - Mississippi State University 8 |
TOP OF THE 4TH |
University of Oklahoma Sooners batting - Pitching for Mississippi State University Bulldogs : RHP Ricky Mendoza
|
Batting: SHB Sergio Carranza
|
0-0: Ball 1-0: Swinging Strike 1-1: Ball 2-1: Foul Ball, location: 2F 2-2: Ball 3-2: Ground out 4-3 (Groundball, 4, EV 91.2 MPH)
|
Batting: SHB Jim Unknown
|
0-0: Swinging Strike 0-1: Ball 1-1: Foul Ball, location: 2F 1-2: Ball 2-2: Ground out 6-3 (Groundball, 6, EV 80.6 MPH)
|
Batting: LHB Alex Gutierrez
|
0-0: Ball 1-0: Reached via error on a dropped throw from 1B, E1 (Groundball, 34, EV 111.2 MPH)
|
Batting: LHB Jeremy Rideout
|
0-0: Ball 1-0: Ball 2-0: SINGLE (Groundball, 4MD, EV 105.6 MPH) Alex Gutierrez to second Runner from 2nd tries for 3rd, SAFE, throw by CF made to third
|
Batting: RHB Ruben Arreola
|
0-0: Fly out, F9 (Line Drive, 89M, EV 94.4 MPH)
|
Top of the 4th over - 0 runs, 1 hit, 1 error, 2 left on base; University of Oklahoma 4 - Mississippi State University 8 |
BOTTOM OF THE 4TH |
Mississippi State University Bulldogs batting - Pitching for University of Oklahoma Sooners : LHP Brandon Lahoda
|
Batting: RHB Benjamin Alderdice
|
0-0: Fly out, F6 (Popup, 6MD, EV 59.4 MPH)
|
Batting: LHB Matt Tanner
|
0-0: Ball 1-0: SINGLE (Line Drive, 6MD, EV 95.6 MPH)
|
Batting: RHB Chris Everett
|
0-0: Ball 1-0: Fielders Choice at 2nd, 5-4 (Groundball, 5, EV 85.0 MPH)
|
Batting: RHB Jim Unknown
|
0-0: Ball 1-0: Fielders Choice at 2nd, U4 (Groundball, 4M, EV 101.2 MPH)
|
Bottom of the 4th over - 0 runs, 1 hit, 0 errors, 1 left on base; University of Oklahoma 4 - Mississippi State University 8 |
TOP OF THE 5TH |
University of Oklahoma Sooners batting - Pitching for Mississippi State University Bulldogs : RHP Ricky Mendoza
|
Batting: RHB Han Caspers
|
0-0: Ground out 4-3 (Groundball, 4, EV 101.2 MPH)
|
Batting: RHB Leo Lopez
|
0-0: Foul Ball, location: 2F 0-1: SINGLE (Groundball, 4MD, EV 98.1 MPH)
|
Batting: RHB Victor Borras
|
0-0: Called Strike Leo Lopez is caught stealing 2nd base 2-4 0-1: Foul Ball, location: 2F 0-2: Ball 1-2: Ground out 4-3 (Groundball, 4, EV 107.5 MPH)
|
Top of the 5th over - 0 runs, 1 hit, 0 errors, 0 left on base; University of Oklahoma 4 - Mississippi State University 8 |
BOTTOM OF THE 5TH |
Mississippi State University Bulldogs batting - Pitching for University of Oklahoma Sooners : LHP Brandon Lahoda
|
Batting: RHB Hector Esqueda
|
0-0: Called Strike 0-1: Called Strike 0-2: Ball 1-2: Ball 2-2: Ball 3-2: Ground out 2-3 (Groundball, 15S, EV 70.0 MPH)
|
Batting: RHB Justin Boesenberg
|
0-0: Ball 1-0: Swinging Strike 1-1: Swinging Strike 1-2: Foul Ball, location: 2F 1-2: Foul Ball, location: 2F 1-2: Ball 2-2: Foul Ball, location: 2F 2-2: Ground out 6-3 (Groundball, 56D, EV 84.4 MPH)
|
Pitching: RHP Doug Hafer
|
|
Batting: RHB Gilbert Hoareau
|
0-0: Called Strike 0-1: Ball 1-1: Ground out 3-1 (Groundball, 34, EV 98.8 MPH)
|
Bottom of the 5th over - 0 runs, 0 hits, 0 errors, 0 left on base; University of Oklahoma 4 - Mississippi State University 8 |
TOP OF THE 6TH |
University of Oklahoma Sooners batting - Pitching for Mississippi State University Bulldogs : RHP Ricky Mendoza
|
Batting: LHB Victor Estrada
|
0-0: Ball 1-0: Called Strike 1-1: Ball 2-1: Called Strike 2-2: Ground out U3 (Groundball, 34, EV 103.8 MPH)
|
Batting: SHB Sergio Carranza
|
0-0: Ball 1-0: Foul Ball, location: 2F 1-1: Foul Ball, location: 2F 1-2: Ball 2-2: Foul Ball, location: 2F 2-2: Ball 3-2: Foul Ball, location: 2F 3-2: Foul Ball, location: 2F 3-2: SINGLE (Groundball, 13S, EV 68.1 MPH) (infield hit)
|
Pitching: LHP Martim Braves
|
|
Batting: SHB Jim Unknown
|
0-0: SINGLE (Groundball, P, EV 81.2 MPH) (infield hit) Sergio Carranza to second
|
Batting: LHB Alex Gutierrez
|
0-0: Called Strike 0-1: Swinging Strike 0-2: Foul Ball, location: 2F 0-2: 3-RUN HOME RUN (Line Drive, 9D, EV 98.1 MPH), Distance : 386 ft
|
Batting: LHB Jeremy Rideout
|
0-0: Fly out, F3 (Line Drive, 3, EV 71.9 MPH)
|
Batting: RHB Ruben Arreola
|
0-0: Called Strike 0-1: Called Strike 0-2: Ball 1-2: Foul Ball, location: 2F 1-2: Ball 2-2: Ground out 1-3 (Groundball, 13S, EV 67.5 MPH)
|
Top of the 6th over - 3 runs, 3 hits, 0 errors, 0 left on base; University of Oklahoma 7 - Mississippi State University 8 |
BOTTOM OF THE 6TH |
Mississippi State University Bulldogs batting - Pitching for University of Oklahoma Sooners : RHP Doug Hafer
|
Batting: RHB Alexis Gallegos
|
0-0: Called Strike 0-1: Foul Ball, location: 2F 0-2: Ball 1-2: Ball 2-2: SINGLE (Groundball, 4D, EV 95.0 MPH)
|
Batting: RHB Miguel Huezo
|
0-0: Called Strike 0-1: Ball 1-1: Ball 2-1: SINGLE (Flyball, 8RS, EV 95.0 MPH) Alexis Gallegos to second
|
Batting: RHB Benjamin Alderdice
|
0-0: Ball 1-0: Ball 2-0: 3-RUN HOME RUN (Flyball, 7D, EV 96.2 MPH), Distance : 370 ft
|
Batting: LHB Matt Tanner
|
0-0: Ball 1-0: Called Strike 1-1: Ball 2-1: Fly out, F9 (Flyball, 9D, EV 91.9 MPH)
|
Batting: RHB Chris Everett
|
0-0: Called Strike 0-1: Called Strike 0-2: Ball 1-2: DOUBLE (Line Drive, 89D, EV 114.4 MPH)
|
Batting: RHB Jason Rhodes
|
0-0: Swinging Strike 0-1: Called Strike 0-2: Foul Ball, location: 2F 0-2: Ball 1-2: Ground out 5-3 (Groundball, 5, EV 85.6 MPH)
|
Batting: RHB Hector Esqueda
|
0-0: Ball 1-0: Ball 2-0: Ball 3-0: Base on Balls
|
Batting: RHB Justin Boesenberg
|
0-0: Fielders Choice at 2nd, 5-4 (Groundball, 56, EV 100.0 MPH)
|
Bottom of the 6th over - 3 runs, 4 hits, 0 errors, 2 left on base; University of Oklahoma 7 - Mississippi State University 11 |
TOP OF THE 7TH |
University of Oklahoma Sooners batting - Pitching for Mississippi State University Bulldogs : LHP Martim Braves
|
Batting: RHB Han Caspers
|
0-0: Foul Ball, location: 2F 0-1: Fly out, F9 (Flyball, 89S, EV 73.8 MPH)
|
Batting: RHB Leo Lopez
|
0-0: Ball 1-0: Called Strike 1-1: Foul Ball, location: 2F 1-2: Ball 2-2: SINGLE (Groundball, 56D, EV 96.9 MPH)
|
Batting: RHB Victor Borras
|
0-0: Called Strike 0-1: Ball 1-1: Ball 2-1: Ball 3-1: Foul Ball, location: 2F 3-2: Base on Balls Leo Lopez to second
|
Batting: LHB Victor Estrada
|
0-0: Ball Passed Ball! Leo Lopez to third Victor Borras to second 1-0: Ball 2-0: Ball 3-0: Called Strike 3-1: Swinging Strike 3-2: Foul Ball, location: 2F 3-2: Strikes out looking
|
Batting: SHB Sergio Carranza
|
0-0: Swinging Strike 0-1: Ball 1-1: Foul Ball, location: 2F 1-2: Ball 2-2: Ball 3-2: Strikes out looking
|
Top of the 7th over - 0 runs, 1 hit, 0 errors, 2 left on base; University of Oklahoma 7 - Mississippi State University 11 |
BOTTOM OF THE 7TH |
Mississippi State University Bulldogs batting - Pitching for University of Oklahoma Sooners : RHP Doug Hafer
|
Batting: RHB Gilbert Hoareau
|
0-0: Swinging Strike 0-1: Swinging Strike 0-2: Ball 1-2: Foul Ball, location: 2F 1-2: Strikes out swinging
|
Batting: RHB Alexis Gallegos
|
0-0: Called Strike 0-1: Ball 1-1: Called Strike 1-2: Ball 2-2: Ball 3-2: Base on Balls
|
Batting: RHB Miguel Huezo
|
0-0: Ball 1-0: SINGLE (Groundball, 34, EV 95.0 MPH) (infield hit) Alexis Gallegos to second
|
Pitching: RHP Jim Unknown
|
|
Batting: RHB Benjamin Alderdice
|
0-0: Ball 1-0: Fielders Choice at 2nd, 5-4 (Groundball, 56S, EV 86.9 MPH) Alexis Gallegos to third
|
Batting: LHB Matt Tanner
|
0-0: Called Strike 0-1: Ball 1-1: Fly out, F8 (Flyball, 89M, EV 86.9 MPH)
|
Bottom of the 7th over - 0 runs, 1 hit, 0 errors, 2 left on base; University of Oklahoma 7 - Mississippi State University 11 |
TOP OF THE 8TH |
University of Oklahoma Sooners batting - Pitching for Mississippi State University Bulldogs : LHP Martim Braves
|
Pitching: RHP Steven Ollhoff
|
|
Batting: SHB Jim Unknown
|
0-0: Called Strike 0-1: Called Strike 0-2: Ground out 3-1 (Groundball, 34, EV 105.6 MPH)
|
Batting: LHB Alex Gutierrez
|
0-0: Ball 1-0: Fly out, F9 (Line Drive, 9, EV 87.5 MPH)
|
Batting: LHB Jeremy Rideout
|
0-0: Called Strike 0-1: Ball 1-1: Ball 2-1: Swinging Strike 2-2: Foul Ball, location: 2F 2-2: Strikes out swinging
|
Top of the 8th over - 0 runs, 0 hits, 0 errors, 0 left on base; University of Oklahoma 7 - Mississippi State University 11 |
BOTTOM OF THE 8TH |
Mississippi State University Bulldogs batting - Pitching for University of Oklahoma Sooners : RHP Jim Unknown
|
Batting: RHB Chris Everett
|
0-0: Ball 1-0: Ball 2-0: Called Strike 2-1: Foul Ball, location: 2F 2-2: Foul Ball, location: 2F 2-2: Strikes out looking
|
Batting: SHB Tom McMinn
|
0-0: Ball 1-0: Ball 2-0: Ball 3-0: Base on Balls
|
Batting: RHB Hector Esqueda
|
0-0: DOUBLE (Flyball, 8LXD, EV 109.4 MPH) Tom McMinn to third Runner from 3rd tries for Home, SAFE, throw by CF to trailing runner, SAFE at third!
|
Batting: RHB Justin Boesenberg
|
0-0: Ball 1-0: Ball 2-0: Called Strike 2-1: Ball 3-1: Called Strike 3-2: SINGLE (Groundball, 6S, EV 65.6 MPH) (infield hit) Hector Esqueda scores
|
Batting: RHB Gilbert Hoareau
|
0-0: TRIPLE (Flyball, 8RD, EV 106.2 MPH) Justin Boesenberg scores
|
Batting: RHB Alexis Gallegos
|
0-0: Ball 1-0: Foul Ball, location: 2F 1-1: Ground out 4-3 (Groundball, 4, EV 87.5 MPH) Gilbert Hoareau scores
|
Batting: RHB Miguel Huezo
|
0-0: Ball 1-0: Called Strike 1-1: Foul Ball, location: 2F 1-2: Foul Ball, location: 2F 1-2: Ball 2-2: Foul Ball, location: 2F 2-2: Ball 3-2: Base on Balls
|
Batting: RHB Benjamin Alderdice
|
0-0: Fly out, F6 (Popup, 6MD, EV 55.0 MPH)
|
Bottom of the 8th over - 4 runs, 3 hits, 0 errors, 1 left on base; University of Oklahoma 7 - Mississippi State University 15 |
TOP OF THE 9TH |
University of Oklahoma Sooners batting - Pitching for Mississippi State University Bulldogs : RHP Steven Ollhoff
|
Pinch Hitting: RHB Camillo Bonauiti
|
0-0: DOUBLE (Line Drive, 78D, EV 101.2 MPH)
|
Batting: RHB Han Caspers
|
0-0: Ball 1-0: Foul Ball, location: 2F 1-1: Foul Ball, location: 2F 1-2: Ball 2-2: 2-RUN HOME RUN (Line Drive, 7LD, EV 95.0 MPH), Distance : 346 ft
|
Batting: RHB Leo Lopez
|
0-0: Swinging Strike 0-1: Ball 1-1: Ball 2-1: SINGLE (Groundball, 56D, EV 103.8 MPH)
|
Batting: RHB Victor Borras
|
0-0: Fly out, F7 (Flyball, 78S, EV 92.5 MPH)
|
Batting: LHB Victor Estrada
|
0-0: Called Strike 0-1: Called Strike 0-2: Ball 1-2: Foul Ball, location: 2F 1-2: Ball 2-2: Strikes out swinging
|
Batting: SHB Sergio Carranza
|
0-0: Ball 1-0: Ball 2-0: Foul Ball, location: 2F 2-1: Foul Ball, location: 2F 2-2: Ball 3-2: Foul Ball, location: 2F 3-2: Foul Ball, location: 2F 3-2: Ground out 5-3 (Groundball, 56, EV 105.6 MPH)
|
Top of the 9th over - 2 runs, 3 hits, 0 errors, 1 left on base; University of Oklahoma 9 - Mississippi State University 15 |
|